 Dungeon Crawl Stone Soup version 0.12.3 (webtiles) character file.

20 glosham the Skirmisher (level 1, 0/14 HPs)
             Began as a Sludge Elf Abyssal Knight on Mar 16, 2018.
             Was a Follower of Lugonu.
             Slain by an octopode
             ... wielding a +1,+2 trident of venom
              (10 damage)
             ... on Level 1 of the Abyss.
             The game lasted 00:01:04 (58 turns).

glosham the Skirmisher (Sludge Elf Abyssal Knight)    Turns: 58, Time: 00:01:04

HP   0/14        AC  3     Str 12      XL: 1   Next:  0%
MP   1/1         EV 11     Int 13      God: Lugonu [*.....]
Gold 20          SH  0     Dex 13      Spells:  0 memorised,  0 levels left

Res.Fire  : . . .   See Invis. : .   a - +2 elf spear {=f}
Res.Cold  : . . .   Warding    : .   b - +0 elf leather armour
Life Prot.: . . .   Conserve   : .   (no shield)
Res.Poison: .       Res.Corr.  : .   (no helmet)
Res.Elec. : .       Clarity    : .   (no cloak)
Sust.Abil.: . .     Spirit.Shd : .   (no gloves)
Res.Mut.  : .       Stasis     : .   (no boots)
Res.Rott. : .       Ctrl.Telep.: x   (no amulet)
Saprovore : . . .   Flight     : .   (no ring)
                                     (no ring)

@: not resistant to hostile enchantments, unstealthy
A: no striking features
a: Depart the Abyss, Renounce Religion


You were on level 1 of the Abyss.
You worshipped Lugonu.
Lugonu was pleased with you.
You were not hungry.

You visited 0 branches of the dungeon, and saw 0 of its levels.
You visited the Abyss 1 time.

Inventory:

Hand weapons
 a - a +2,+2 elven spear (weapon) {=f}
Armour
 b - a +0 elven leather armour (worn)
Comestibles
 c - a bread ration
Potions
 d - a potion of curing {unknown}


   Skills:
 - Level 3.2 Fighting
 - Level 1.5 Polearms
 - Level 0.7 Armour
 - Level 2.4 Dodging
 - Level 2.0 Invocations


You couldn't memorise any spells.
You didn't know any spells.

Dungeon Overview and Level Annotations

Branches:
Dungeon (0/27)

Altars:


Message History

Welcome, glosham the Sludge Elf Abyssal Knight.
The bosom of this dungeon contains the most powerful artefact, the Orb of Zot.
Lugonu says: Take this gate or call upon me to unleash you onto the world, my servant!
Press ? for a list of commands and other information.
Found a corrupted altar of Lugonu.
Unknown command.
There is a corrupted altar of Lugonu here.
Found an oily inky potion.
Found an oily inky potion.
You see here an oily inky potion.
d - an oily inky potion
Found a scroll labeled ZOWICKI DONGU.
An octopode comes into view. It is wielding a glowing trident.
An octopode appears in a shower of sparks.
A small abomination comes into view.
A small abomination emerges from chaos.
The octopode shouts!
Found a scroll labeled ZOWICKI DONGU.
A starcursed mass comes into view.
A starcursed mass splits.
Found a sedimented cyan potion.
A shadow comes into view.
A shadow emerges from the beyond.
A tentacled starspawn comes into view.
A tentacle flies out from the starspawn's body!
The octopode tentacle-slaps you. The octopode closely misses you.
The octopode tentacle-slaps you!
Ouch! That really hurt!
You die...

. #.#...#.. #.
#.#..#.# .
##.##x##..
#w##..## ...
##X##..# # ....
#..##.### x....
##.##xx# #.....
#.#.#..##X.#.#.
#@xp...X...##..
#.#....##.#..#.
##x#..#.##..
####.#..# .#
....## .# # ...
... #.


You could see 2 starcursed masses, a tentacled starspawn, an octopode, a small
abomination, a shadow and a starspawn tentacle.

Vanquished Creatures (others)
  A starspawn tentacle (Abyss:1)
  6 starspawn tentacle segments (Abyss:1)
7 creatures vanquished.

Notes
Turn   | Place    | Note
--------------------------------------------------------------
     0 | Abyss:1  | glosham, the Sludge Elf Abyssal Knight, began the quest for the Orb.
     0 | Abyss:1  | Reached XP level 1. HP: 14/14 MP: 1/1
    26 | Abyss:1  | Noticed an octopode
    26 | Abyss:1  | Noticed a small abomination
    34 | Abyss:1  | Noticed a starcursed mass
    52 | Abyss:1  | Noticed a shadow
    54 | Abyss:1  | Noticed a tentacled starspawn
    58 | Abyss:1  | Slain by an octopode

Table legend:
 A = Turns spent in this place as a percentage of turns spent in the entire game.
 B = Non-inter-level travel turns spent in this place as a percentage of non-inter-level travel turns spent in the entire game.
 C = Inter-level travel turns spent in this place as a percentage of turns spent in this place.
 D = Turns resting spent in this place as a percentage of non-inter-level travel turns spent in this place.
 E = Turns spent auto-exploring this place as a percentage of non-inter-level travel turns spent in this place.
 F = Non-inter-level travel turns spent in this place divided by the number of levels of this place that you've seen.
                   A       B       C       D       E      F
               +-------+-------+-------+-------+-------+----------------------
         Total | 100.0 | 100.0 |   0.0 |   0.0 |   0.0 |  60.0
         Abyss | 100.0 | 100.0 |   0.0 |   0.0 |   0.0 |  60.0
               +-------+-------+-------+-------+-------+----------------------

Vault maps used:
